 Dungeon Crawl Stone Soup version 0.29-a0-25-g7f48f510a0 (webtiles) character file.

Game seed: 7880537405404361411

68 HallandMoats the Skirmisher (level 4, -2/29 HPs)
             Began as a Gargoyle Fighter on Feb 1, 2022.
             Was a Follower of Sif Muna.
             Slain by a worm (7 damage)
             ... on level 2 of the Dungeon.
             The game lasted 00:01:31 (1216 turns).

HallandMoats the Skirmisher (Gargoyle Fighter)      Turns: 1216, Time: 00:01:31

Health: -2/29      AC: 10    Str: 19    XL:     4   Next: 19%
Magic:  5/5        EV:  9    Int:  9    God:    Sif Muna [*.....]
Gold:   65         SH:  4    Dex: 11    Spells: 3/3 levels left

rFire   . . .      SeeInvis .   a - +0 war axe
rCold   . . .      Faith    .   c - +0 buckler
rNeg    + . .      Spirit   .   b - +0 scale mail
rPois   ∞          Reflect  .   (no helmet)
rElec   +          Harm     .   (no cloak)
rCorr   .          Rampage  .   (no gloves)
Will    .....                   (no boots)
Stlth   ..........              (no amulet)
HPRegen 0.09/turn               (no ring)
MPRegen 0.09/turn               (no ring)

@: no status effects
A: sickness immunity, AC +3, negative energy resistance 1, electricity
resistance, torment resistance 1, petrification resistance
a: Renounce Religion, Channel Magic


You were on level 2 of the Dungeon.
You worshipped Sif Muna.
Sif Muna was aware of your devotion.
You visited 1 branch of the dungeon, and saw 2 of its levels.

You collected 65 gold pieces.

Inventory:

Hand Weapons
 a - a +0 war axe (weapon)
Armour
 b - a +0 scale mail (worn)
 c - a +0 buckler (worn)
Jewellery
 i - an amulet of regeneration
Scrolls
 e - a scroll of brand weapon {unknown}
 g - 4 scrolls of identify {unknown}
Potions
 d - a potion of might
 f - a potion of ambrosia {unknown}
 h - a potion of flight {unknown}
 j - a potion of curing {unknown}
 k - a potion of mutation {unknown}


   Skills:
 * Level 4.0 Fighting
 * Level 2.3 Axes
 + Level 3.5 Armour
 + Level 0.5 Dodging
 + Level 3.5 Shields
 * Level 1.7 Invocations


You had 3 spell levels left.
You didn't know any spells.
Your spell library was empty.

Dungeon Overview and Level Annotations

Branches:
Dungeon (2/15)

Altars:
Sif Muna


Innate Abilities, Weirdness & Mutations

You are immune to sickness and miasma.
Your stone body is resilient. (AC +3)
You are immune to poison.
You resist negative energy. (rN+)
You are resistant to electric shocks. (rElec)
You are resistant to unholy torment.
You are immune to petrification.


Message History

No target in view!
No target in view!
No target in view!
No target in view!
No target in view!
No target in view!
No target in view!
No target in view!
No target in view!
No target in view!
No target in view!
No target in view!
No target in view!
Found a ring mail.
No target in view!
No target in view!
A worm and a kobold come into view.
The kobold shouts!
You block the worm's attack. The worm closely misses you.
You block the worm's attack. The worm bites you! The worm closely misses you.
The worm barely misses you. The worm bites you.
The worm bites you but does no damage. The worm bites you but does no damage.
The worm bites you. The worm barely misses you.
The worm bites you but does no damage. The worm bites you. The worm bites you!
* * * LOW HITPOINT WARNING * * *
You block the worm's attack. You block the worm's attack.
The worm bites you but does no damage. The worm bites you but does no damage.
The worm barely misses you. The worm bites you!
You die...

...#..........#########
...#..................#
...#...†........._....#
...#...............⌠..#
...#####..............#
...# #..#####.#######
##.# ..... #.## ..
..####. #..# #. .# .#
##@# .. #w# .. .K. ..
..... .. ....... ..
........# .. ......[..#
.........##


You could see a worm and a kobold.

Vanquished Creatures
  2 adders (D:2)
  A dart slug (D:2)
  4 ball pythons
  3 bats
  5 endoplasms
  3 giant cockroaches
  2 goblins (D:1)
  4 hobgoblins
  6 jackals (D:2)
  4 quokkas
  5 frilled lizards
  3 kobolds
  A rat (D:1)
43 creatures vanquished.

Notes
Turn   | Place    | Note
-------+----------+-------------------------------------------
     0 | D:1      | HallandMoats the Gargoyle Fighter began the quest for the
                  | Orb.
     0 | D:1      | Reached XP level 1. HP: 14/14 MP: 1/1
    58 | D:1      | Reached XP level 2. HP: 14/19 MP: 2/2
   342 | D:1      | Reached skill level 1 in Invocations
   602 | D:1      | Reached XP level 3. HP: 21/23 MP: 3/3
  1135 | D:2      | Reached XP level 4. HP: 29/29 MP: 5/5
  1138 | D:2      | Found a faded altar of an unknown god.
  1162 | D:2      | Reached skill level 4 in Fighting
  1176 | D:2      | Prayed at the altar of an unknown god.
  1176 | D:2      | Became a worshipper of Sif Muna the Loreminder
  1176 | D:2      | Reached * piety under Sif Muna
  1216 | D:2      | Slain by a worm

Illustrated notes

Levels and vault maps discovered:
D:1:      minmay_arrival_open_corners, layout_loops_ring
D:2:      layout_rooms, ebering_ecumenical_altar_abandoned, minivault_24

Skill      XL: |  1  2  3  4 |
---------------+-------------+-----
Axes           | 2 |  2.3
Invocations    | 1 |  1.7
Fighting       | 4 |  4.0
Armour         | |  3.5
Dodging        | |  0.5
Shields        | |  3.5

Action                   |  1- 3 |  4- 6 || total
-------------------------+-------+-------++-------
Melee: War axe           |   111 |     6 ||   117
Armor: Scale mail        |    78 |    11 ||    89
Dodge: Dodged            |    78 |    10 ||    88
Block: Buckler           |    33 |     4 ||    37

Table legend: (Time is in decaauts)
 A = Elapsed time spent in this place.
 B = Non-inter-level travel time spent in this place.
 C = Inter-level travel time spent in this place.
 D = Time resting spent in this place.
 E = Time spent auto-exploring this place.
 F = Levels seen in this place.
 G = Mean time per level.
                   A        B        C        D        E       F      G
               +--------+--------+--------+--------+--------+-----+--------+
         Total |   1266 |   1211 |     55 |      0 |    895 |   2 |  633.0 |
       Dungeon |   1266 |   1211 |     55 |      0 |    895 |   2 |  633.0 |
               +--------+--------+--------+--------+--------+-----+--------+

Top non-repeatable levels by time:
     D:1: 825 daAuts
     D:2: 440 daAuts
